 Dungeon Crawl Stone Soup version 0.30.1-11-g7821555f0a (webtiles) character file.

Game seed: 11055193983647015727

35 andronian the Poker (level 3, 0/30 HPs)
             Began as a Merfolk Monk on Nov 25, 2023.
             Slain by a goblin
             ... wielding a +0 club
             ... led by Robin
              (3 damage)
             ... on level 2 of the Dungeon.
             The game lasted 00:02:25 (747 turns).

andronian the Poker (Merfolk Monk)                   Turns: 747, Time: 00:02:25

Health: 0/30       AC:  2    Str: 11    XL:     3   Next: 35%
Magic:  3/3        EV: 14    Int:  9    God:
Gold:   139        SH:  0    Dex: 18    Spells: 2/2 levels left

rFire   . . .        a - +0 spear
rCold   . . .        d - orb {light}
rNeg    . . .        b - +0 robe
rPois   .            (no helmet)
rElec   .            (no cloak)
rCorr   .            (no gloves)
SInv    .            (no boots)
Will    .....        (no amulet)
Stlth   +            (no ring)
HPRegen 0.25/turn    (no ring)
MPRegen 0.08/turn

%: no passive effects
@: brilliant, glowing
A: (nimble swimmer 2), mertail
a: no special abilities


You were on level 2 of the Dungeon.
You visited 1 branch of the dungeon, and saw 2 of its levels.

You collected 139 gold pieces.

Inventory:

Hand Weapons
 a - a +0 spear (weapon)
 m - a +0 short sword
Missiles
 f - a throwing net (quivered)
Armour
 b - a +0 robe (worn)
 d - an orb of light (worn)
Scrolls
 e - a scroll of teleportation {unknown}
 h - a scroll of enchant weapon {unknown}
 j - a scroll of noise {unknown}
 k - a scroll of identify {unknown}
 l - a scroll of poison {unknown}
Potions
 c - a potion of ambrosia
 i - a potion of flight {unknown}


   Skills:
 + Level 3.8 Fighting
 * Level 1.1 Long Blades
 - Level 4.8 Polearms
 - Level 4.2 Dodging


You had 2 spell levels left.
You didn't know any spells.
Your spell library was empty.

Dungeon Overview and Level Annotations

Branches:
Dungeon (2/15)

Altars:

Shops:
D:1 [

Annotations:
D:2 Robin


Innate Abilities, Weirdness & Mutations

((You are very nimble when in or above water. (Stealth+, EV+, Speed+++)))
Your lower body shifts to a powerful aquatic tail in water.


Message History

The hobgoblin hits you.
You hit the hobgoblin but do no damage.
The hobgoblin is almost dead.
Robin throws the goblin at you! The goblin misses you.
The hobgoblin closely misses you.
You hit the hobgoblin but do no damage.
The hobgoblin is almost dead.
Robin roars a battlecry!
The goblins go into a battle-frenzy!
The goblin hits you with a +0 club. The hobgoblin closely misses you.
You hit the hobgoblin but do no damage.
The hobgoblin is almost dead.
The hobgoblin hits you but does no damage.
The goblin misses you.
You hit the hobgoblin.
You kill the hobgoblin!
The goblin hits you with a +0 club.
You hit the goblin.
The goblin is moderately wounded.
The goblin completely misses you. The goblin misses you.
You hit the goblin.
You kill the goblin!
A hobgoblin comes into view.
The hobgoblin barely misses you. Robin closely misses you.
Items here: )) ††.
You hit Robin.
Robin is lightly wounded.
Robin misses you. The goblin completely misses you.
The hobgoblin barely misses you.
You hit Robin.
Robin is moderately wounded.
The goblin hits you with a +0 club.
Robin hits you with a +3 whip of electrocution!
* * * LOW HITPOINT WARNING * * *
The hobgoblin hits you.
* * * LOW HITPOINT WARNING * * *
It was a potion of brilliance.
You feel clever all of a sudden. The goblin hits you with a +0 club.
You die...

.......## #..#
>.###...###### #..#
..##.....#...# #..#
...........#.####..#
#.##.....#..†....$.#
#†..........#####g.#
#................gg#
....##.####.#####g##
##..##.........g@g#
....#######.#######
##.## #.# #... ..#
##### ####


You could see Robin, 3 hobgoblins and 2 goblins.

Vanquished Creatures
  A worm (D:2)
  A dart slug (D:1)
  A bat (D:1)
  An endoplasm (D:2)
  2 giant cockroaches (D:1)
  7 goblins
  4 hobgoblins
  3 quokkas
  A ball python (D:1)
  2 frilled lizards (D:1)
  A kobold (D:1)
  2 rats (D:1)
26 creatures vanquished.

Notes
Turn   | Place    | Note
-------+----------+-------------------------------------------
     0 | D:1      | andronian the Merfolk Monk began the quest for the Orb.
     0 | D:1      | Reached XP level 1. HP: 18/18 MP: 1/1
   105 | D:1      | Reached XP level 2. HP: 19/24 MP: 2/2
   339 | D:1      | Found Foacs's Armour Shoppe.
   537 | D:1      | Reached XP level 3. HP: 30/30 MP: 3/3
   727 | D:2      | Noticed Robin
   735 | D:2      | Reached skill level 1 in Long Blades
   747 | D:2      | Slain by a goblin

Illustrated notes

Levels and vault maps discovered:
D:1:      enne_arrival_octagon_isle, layout_rooms, serial_shops,
          nicolae_shop_tiny_glass, hex_intersection,
          wander_ebering_terrifying_dragon_lair
D:2:      layout_loops_ring, minmay_misc_feat_rugged, uniq_robin

Skill      XL: |  1  2  3 |
---------------+----------+-----
Long Blades    | 1 |  1.1
Fighting       | |  3.8
Polearms       | |  4.8
Dodging        | |  4.2

Action                     || total
---------------------------++-------
  Melee: Spear             ||    87
    Use: Potion            ||     1
 Armour: Robe              ||     8
  Dodge: Dodged            ||    46
